 Dungeon Crawl Stone Soup version 0.24.0-37-gcf1ca852f1 (webtiles) character file.

Game seed: 12270760307842375684, levelgen mode: deterministic

102 theswoord the Cudgeler (level 4, -14/31 HPs)
             Began as a Demonspawn Monk on Nov 29, 2019.
             Demolished by an ogre
             ... wielding a cursed -3 giant spiked club
              (25 damage)
             ... on level 2 of the Dungeon.
             The game lasted 00:03:18 (1825 turns).

theswoord the Cudgeler (Demonspawn Monk)            Turns: 1825, Time: 00:03:19

Health: -14/31     AC:  8    Str: 12    XL:     4   Next: 50%
Magic:  4/4        EV:  6    Int: 11    God:
Gold:   74         SH:  0    Dex: 16    Spells: 3/3 levels left

rFire    . . .     SeeInvis .   n - +0 whip (elec)
rCold    . . .     Gourm    .   (no shield)
rNeg     . . .     Faith    .   d - +0 chain mail
rPois    +         Spirit   .   (helmet restricted)
rElec    .         Reflect  .   (no cloak)
rCorr    .         Harm     .   (no gloves)
MR       .....                  (no boots)
Stlth    ..........             (no amulet)
HPRegen  0.10/turn              h - ring of poison resistance
MPRegen  0.09/turn              (no ring)

@: no status effects
A: claws 1, hooves 1, horns 2, frail 1
a: no special abilities


You were on level 2 of the Dungeon.
You were not hungry.

You visited 1 branch of the dungeon, and saw 2 of its levels.

You collected 74 gold pieces.

Inventory:

Hand Weapons
 a - a +0 mace
 i - a +2 whip of freezing
 n - a +0 whip of electrocution (weapon)
Armour
 b - a +0 robe
 d - a +0 chain mail (worn)
Jewellery
 h - a ring of poison resistance (left claw)
 l - a +1 ring of protection {unknown}
Scrolls
 e - a scroll of immolation {unknown}
 g - 2 scrolls of teleportation {unknown}
 j - a scroll of fog {unknown}
 k - a scroll of enchant armour {unknown}
Potions
 m - a potion of flight
Comestibles
 c - 3 rations
 f - 8 chunks of flesh


   Skills:
 - Level 3.0 Fighting
 + Level 4.9 Maces & Flails
 - Level 2.6 Dodging
 - Level 1.7 Stealth


You had 3 spell levels left.
You didn't know any spells.
Your spell library was empty.

Dungeon Overview and Level Annotations

Branches:
Dungeon (2/15)

Altars:
Yredelemnul


Innate Abilities, Weirdness & Mutations

You have large cloven feet.
You have a pair of horns on your head.
You have sharp fingernails.
You are frail. (-10% HP)


Message History

You hit the ogre but do no damage. You kick the ogre.
The ogre is lightly wounded.
The ogre hits you with a cursed -3 giant spiked club.
You hit the ogre but do no damage. Your kick misses the ogre.
The ogre is lightly wounded.
You hit the ogre but do no damage. You kick the ogre.
The ogre is lightly wounded.
The ogre hits you but does no damage.
You hit the ogre.
The ogre is lightly wounded.
Your chain mail prevents you from hitting the ogre.
Your kick misses the ogre. You headbutt the ogre.
The ogre is moderately wounded.
The ogre hits you with a cursed -3 giant spiked club!
* * * LOW HITPOINT WARNING * * *
You hit the ogre. You kick the ogre.
The ogre is severely wounded.
The ogre hits you with a cursed -3 giant spiked club!!
Ouch! That really hurt!
You die...

.#.#.#..........#.#
.#.#.#....##..###(#
########### .#.#.#....#
#...(.# #.........#
.#.#.#....# #.....#
#.........#
.#.#.#..#.###.....#
#.........#
.#.#.#..._..#(....#
#.........#
.#.#.####.#.#(....#
#.........# ##
#.####.#....##.###.........#
#...รท.)))...O@...'.........#
########...#.#.###.........#
#...#...# #.........#
#...##..####'########
#..(...>.....# #...######.###
#..........# #.....#....#
#....#.#...#


You could see an ogre.

Vanquished Creatures
  2 adders (D:2)
  4 gnolls (D:2)
  3 leopard geckos
  4 bats
  2 giant cockroaches
  10 goblins
  4 hobgoblins
  A kobold (D:2)
  A quokka (D:2)
  5 frilled lizards
  9 rats
45 creatures vanquished.

Notes
Turn   | Place    | Note
-------+----------+-------------------------------------------
     0 | D:1      | theswoord the Demonspawn Monk began the quest for the Orb.
     0 | D:1      | Reached XP level 1. HP: 18/18 MP: 1/1
    94 | D:1      | Reached skill level 3 in Maces & Flails
   114 | D:1      | Gained mutation: You have a pair of small horns on your
                  | head. [demonic ancestry]
   114 | D:1      | Reached XP level 2. HP: 20/24 MP: 2/2
  1005 | D:2      | Found a basalt altar of Yredelemnul.
  1049 | D:2      | Reached skill level 4 in Maces & Flails
  1049 | D:2      | Gained mutation: You have a pair of horns on your head.
                  | [demonic ancestry]
  1049 | D:2      | Reached XP level 3. HP: 15/29 MP: 3/3
  1720 | D:2      | Found a faded altar of an unknown god.
  1731 | D:2      | Gained mutation: You are frail. (-10% HP) [potion of
                  | mutation]
  1731 | D:2      | Gained mutation: You have sharp fingernails. [potion of
                  | mutation]
  1734 | D:2      | Gained mutation: You have large cloven feet. [demonic
                  | ancestry]
  1734 | D:2      | Reached XP level 4. HP: 31/31 MP: 4/4
  1816 | D:2      | Noticed an ogre
  1825 | D:2      | Demolished by an ogre

Skill      XL: |  1  2 |
---------------+-------+-----
Maces & Flails | 3 4 |  4.9
Fighting       | |  3.0
Dodging        | |  2.6
Stealth        | |  1.7

Action                   |  1- 3 |  4- 6 || total
-------------------------+-------+-------++-------
Melee: Mace              |    93 |    10 ||   103
       Headbutt          |    13 |     3 ||    16
       Whip              |       |    11 ||    11
       Kick              |       |     7 ||     7
  Use: Potion            |     6 |       ||     6
 Stab: Sleeping          |     7 |       ||     7
  Eat: Chunk             |     3 |       ||     3
Armor: Robe              |    14 |       ||    14
       Chain mail        |    13 |     6 ||    19
Dodge: Dodged            |    79 |     4 ||    83

Levels and vault maps discovered:
D:1:      dpeg_arrival_tiny_h, layout_basic, serial_bayou, serial_bayou_shore_b,
          serial_bayou_pond_e, serial_bayou_shore_b, serial_bayou_shore_b,
          glass_columns_a, minmay_split_cup_small
D:2:      layout_basic, lemuel_crystal_altar,
          chequers_ecumenical_altar_simple_redux
